 Seeded DCSS version 0.29-a0-834-g1e95ca9f62 (webtiles) character file.

Game seed: 20220712 (custom seed)

0 flotson the Sneak (level 1, -3/18 HPs)
             Began as a Demonspawn Delver on July 13, 2022.
             Slain by a kobold
             ... wielding a +2 dagger of electrocution
              (13 damage)
             ... on level 3 of the Dungeon.
             The game lasted 00:00:24 (99 turns).

flotson the Sneak (Demonspawn Delver)                 Turns: 99, Time: 00:00:25

Health: -3/18      AC:  3    Str: 12    XL:     1   Next: 0%
Magic:  1/1        EV: 11    Int: 11    God:
Gold:   25         SH:  0    Dex: 14    Spells: 0/0 levels left

rFire   . . .      SeeInvis .   a - +0 spear
rCold   . . .      Faith    .   (no shield)
rNeg    . . .      Spirit   .   b - +0 leather armour
rPois   .          Reflect  .   (no helmet)
rElec   .          Harm     .   (no cloak)
rCorr   .          Rampage  .   (no gloves)
Will    .....                   (no boots)
Stlth   ++........              (no amulet)
HPRegen 0.06/turn               (no ring)
MPRegen 0.07/turn               (no ring)

@: no status effects
A: no striking features
a: no special abilities


You were on level 3 of the Dungeon.
You visited 1 branch of the dungeon, and saw 3 of its levels.

You collected 25 gold pieces.

Inventory:

Hand Weapons
 a - a +0 spear (weapon)
Armour
 b - a +0 leather armour (worn)
Wands
 g - a wand of digging (3)
Scrolls
 c - a scroll of fog
 d - a scroll of magic mapping
 e - a scroll of fear
 h - a scroll of identify {unknown}
Potions
 f - a potion of haste


   Skills:
 + Level 3.0 Fighting
 - Level 1.7 Polearms
 + Level 0.0 Armour
 + Level 1.7 Dodging
 + Level 4.5 Stealth
 + Level 0.0 Evocations


You couldn't memorise any spells.
You didn't know any spells.
Your spell library was empty.

Dungeon Overview and Level Annotations

Branches:
Dungeon (5/15)
 Temple: D:4-7

Altars:

Annotations:
D:5 Edmund


Message History

There is a stone staircase leading down here.
You climb downwards.
Level annotation: Edmund
There is a stone staircase leading up here.
You now have 25 gold pieces (gained 3).
(D) Dungeon
Where to? (Enter - D:4, ? - help)
There is a stone staircase leading up here.
You climb upwards.
There is a stone staircase leading down here.
Found a stone staircase leading up.
(D) Dungeon
Where to? (Enter - D:4, ? - help)
There is a stone staircase leading up here.
You climb upwards.
There is a stone staircase leading down here.
There is a stone staircase leading down here.
A kobold comes into view.
It is wielding a +2 dagger of electrocution.
The kobold shouts!
You miss the kobold.
The kobold hits you with a +2 dagger of electrocution.
You barely miss the kobold. The kobold hits you but does no damage.
You closely miss the kobold. The kobold misses you.
You barely miss the kobold.
The kobold hits you with a +2 dagger of electrocution.
You hit the kobold.
The kobold is moderately wounded.
The kobold closely misses you.
You barely miss the kobold.
The kobold is moderately wounded.
The kobold misses you.
You hit the kobold but do no damage.
The kobold is moderately wounded.
The kobold barely misses you.
You barely miss the kobold.
The kobold is moderately wounded.
The kobold hits you with a +2 dagger of electrocution.
You are electrocuted!
Ouch! That really hurt!
You die...

#..........#
#...........
#...........##
#......##.#..#
#......##.#..##
#......##.##..#
#.#......##.##..#
#....K@........>###
#........####.#...#
#........# #.#.#.#
#......### #.#.#.#
#......# #.#.#.#
#......# #.#.#.#
#......# #.#.#.#
######## #.#.#..
#.#.#.#


You could see a kobold.

Vanquished Creatures (others)
  4 plants (D:3)
4 creatures vanquished.

Notes
Turn   | Place    | Note
-------+----------+-------------------------------------------
     0 | D:5      | flotson the Demonspawn Delver began the quest for the Orb.
     0 | D:5      | Reached XP level 1. HP: 18/18 MP: 1/1
    12 | D:5      | Noticed Edmund
    99 | D:3      | Slain by a kobold

Illustrated notes

Levels and vault maps discovered:
D:3:      layout_basic, chequers_temple_overflow_statue_of_worship,
          gammafunk_ghost_necromancy, columned_hall_lemuel,
          dreamdust_princess_bridge, minmay_misc_feat_square,
          serial_bayou_pond_c
D:4:      layout_loops_ring, minmay_checkerbox, uniq_eustachio
D:5:      layout_loops_ring, minmay_temple_entry_trees,
          nicolae_concentric_dashed_squares_mild, minivault_23, uniq_edmund

Action                   || total
-------------------------++-------
Melee: Spear             ||     8
Armor: Leather armour    ||     1
Dodge: Dodged            ||     4

Table legend: (Time is in decaauts)
 A = Elapsed time spent in this place.
 B = Non-inter-level travel time spent in this place.
 C = Inter-level travel time spent in this place.
 D = Time resting spent in this place.
 E = Time spent auto-exploring this place.
 F = Levels seen in this place.
 G = Mean time per level.
                   A        B        C        D        E       F      G
               +--------+--------+--------+--------+--------+-----+--------+
         Total |     99 |     82 |     17 |      0 |     31 |   3 |   33.0 |
       Dungeon |     99 |     82 |     17 |      0 |     31 |   3 |   33.0 |
               +--------+--------+--------+--------+--------+-----+--------+

Top non-repeatable levels by time:
     D:5: 59 daAuts
     D:4: 20 daAuts
     D:3: 20 daAuts
